 Dungeon Crawl Stone Soup version 0.30-a0-364-gf6b3ef1049 (webtiles) character file.

Game seed: 12890188637632555228

29 kingsuperguy the Chopper (level 3, 0/33 HPs)
             Began as a Hill Orc Monk on Nov 14, 2022.
             Killed from afar by Sigmund (5 damage)
             ... with a puff of flame
             ... on level 2 of the Dungeon.
             The game lasted 00:02:31 (1193 turns).

kingsuperguy the Chopper (Hill Orc Monk)            Turns: 1193, Time: 00:02:32

Health: 0/33       AC:  3    Str: 15    XL:     3   Next: 16%
Magic:  3/3        EV: 12    Int: 10    God:
Gold:   85         SH:  0    Dex: 13    Spells: 1/2 levels left

rFire   . . .      SeeInvis .    a - +0 hand axe
rCold   . . .      Faith    .    (no shield)
rNeg    . . .      Spirit   .    b - +0 robe
rPois   .          Reflect  .    j - +0 helmet
rElec   .          Harm     .    (no cloak)
rCorr   .          Rampage  .    (no gloves)
Will    .....                    (no boots)
Stlth   +.........               (no amulet)
HPRegen 0.25/turn                (no ring)
MPRegen 0.08/turn                (no ring)

@: confused, ambrosia-drunk
A: no striking features
a: no special abilities


You were on level 2 of the Dungeon.
You visited 1 branch of the dungeon, and saw 2 of its levels.

You collected 85 gold pieces.

Inventory:

Hand Weapons
 a - a +0 hand axe (weapon)
 i - a +0 quarterstaff
Missiles
 f - 3 poisoned darts (quivered)
 g - 4 large rocks
 h - 16 stones
Armour
 b - a +0 robe (worn)
 j - a +0 helmet (worn)
Scrolls
 d - a scroll of enchant armour {unknown}
 e - 4 scrolls of identify {unknown}
 l - a scroll of noise {unknown}
 m - a scroll of fear {unknown}
Potions
 k - a potion of cancellation {unknown}


   Skills:
 + Level 4.1 Fighting
 + Level 4.5 Axes
 + Level 2.7 Dodging
 + Level 1.9 Stealth


You had one spell level left.
You knew the following spells:

 Your Spells              Type           Power      Damage    Failure   Level
a - Shock                 Conj/Air       0%         1d3       36%         1

Your spell library contained the following spells:

 Spells                   Type           Power      Damage    Failure   Level
 Call Canine Familiar     Summ           0%         N/A       75%         3
 Portal Projectile        Hex/Tloc       0%         N/A       75%         3
 Swiftness                Air            0%         N/A       75%         3
 Airstrike                Air            0%         2d(0-16)  98%         4
 Leda's Liquefaction      Hex/Erth       0%         N/A       98%         4


Dungeon Overview and Level Annotations

Branches:
Dungeon (2/15)

Altars:

Annotations:
D:2 Sigmund


Message History

The hobgoblin closely misses you. The hobgoblin misses you.
You closely miss the hobgoblin.
The hobgoblin is severely wounded.
The hobgoblin barely misses you.
You hit the hobgoblin but do no damage.
The hobgoblin is severely wounded.
The hobgoblin hits you.
You hit the hobgoblin.
You kill the hobgoblin!
You see here a hobgoblin corpse.
You now have 85 gold pieces (gained 11).
Sigmund the Dreaded comes into view.
He is wielding a +0 scythe, wearing a +2 robe of cold resistance and carrying a wand of flame (24).
Sigmund shouts!
Sigmund zaps a wand.
The puff of flame hits you! Sigmund casts a spell at you.
You are confused.
Sigmund zaps a wand.
The puff of flame hits you.
You are too confused!
You are too confused!
Sigmund gestures at you while chanting.
You are more confused.
You are too confused!
Sigmund mumbles some strange words.
Sigmund flickers and vanishes!
Deactivating autopickup; reactivate with Ctrl-A.
You are too confused!
You hear a zap.
A puff of flame appears from out of thin air!
The puff of flame hits you!
* * * LOW HITPOINT WARNING * * *
You see here a hobgoblin corpse.
A magic dart appears from out of thin air!
The magic dart hits you!
* * * LOW HITPOINT WARNING * * *
You are too confused!
You are more confused.
You feel invigorated.
A puff of flame appears from out of thin air!
The puff of flame hits you.
You die...

#.#.#.#######.#####.#
#..†#...............#
....#######...#######
..#.# #...# ..#.#
#...# .##.# #...#
.##.# #...########
....#######...##.....#
...#..†........†@....#
.....................#
...#.................#
...########...##.....#
#.## #..{####.### #.#
#...# #.# #.# #!..#
#.. .# #...# #### .#
#...#


There were no monsters in sight!

Vanquished Creatures
  A dart slug (D:1)
  A bat (D:1)
  2 endoplasms
  A giant cockroach (D:1)
  7 hobgoblins
  4 jackals (D:1)
  2 quokkas (D:1)
  2 ball pythons (D:1)
  A rat (D:1)
21 creatures vanquished.

Notes
Turn   | Place    | Note
-------+----------+-------------------------------------------
     0 | D:1      | kingsuperguy the Hill Orc Monk began the quest for the Orb.
     0 | D:1      | Reached XP level 1. HP: 19/19 MP: 1/1
   255 | D:1      | Reached XP level 2. HP: 24/27 MP: 2/2
  1042 | D:2      | Reached XP level 3. HP: 33/33 MP: 3/3
  1063 | D:2      | Learned a level 1 spell: Shock
  1178 | D:2      | Noticed Sigmund
  1193 | D:2      | Killed from afar by Sigmund

Illustrated notes

Levels and vault maps discovered:
D:1:      amcnicky_arrival_blooded_trapdoor, layout_basic, minmay_quantized
D:2:      layout_loops_cross, st_stairs_7, chequers_arboretum, uniq_sigmund

Skill      XL: |  1  2 |
---------------+-------+-----
Fighting       | 4 |  4.1
Axes           | |  4.5
Dodging        | |  2.7
Stealth        | |  1.9

Action                   || total
-------------------------++-------
Melee: Hand axe          ||    77
       Punch             ||     1
 Cast: Shock             ||     5
  Use: Potion            ||     1
 Stab: Sleeping          ||     6
Armor: Robe              ||    19
Dodge: Dodged            ||    59

Table legend: (Time is in decaauts)
 A = Elapsed time spent in this place.
 B = Non-inter-level travel time spent in this place.
 C = Inter-level travel time spent in this place.
 D = Time resting spent in this place.
 E = Time spent auto-exploring this place.
 F = Levels seen in this place.
 G = Mean time per level.
                   A        B        C        D        E       F      G
               +--------+--------+--------+--------+--------+-----+--------+
         Total |   1199 |   1124 |     75 |      0 |    764 |   2 |  599.5 |
       Dungeon |   1199 |   1124 |     75 |      0 |    764 |   2 |  599.5 |
               +--------+--------+--------+--------+--------+-----+--------+

Top non-repeatable levels by time:
     D:1: 1043 daAuts
     D:2: 155 daAuts
